 Dungeon Crawl Stone Soup version 0.27-a0-1084-g78b3836a5f (webtiles) character file.

Game seed: 4503254373821462316

296493 shoop the Marksfrog (level 21, -4/177 HPs)
             Began as a Barachi Hunter on Apr 26, 2021.
             Was the Champion of Fedhas.
             Slain by a spriggan berserker
             ... wielding a +2 antimagic hand axe
              (39 damage)
             ... on level 3 of the Depths on May 10, 2021.
             The game lasted 04:25:31 (51551 turns).

shoop the Marksfrog (Barachi Hunter)               Turns: 51551, Time: 04:25:32

Health: -4/177     AC: 31    Str: 19    XL:     21   Next: 28%
Magic:  0/39       EV: 21    Int: 20    God:    Fedhas [******]
Gold:   1321       SH:  0    Dex: 20    Spells: 26/38 levels left

rFire    . . .     SeeInvis .   a - +3 longbow
rCold    + . .     Faith    .   (shield currently unavailable)
rNeg     . . .     Spirit   +   Z - +4 moon troll leather armour {Spirit, Regen++ MP+5}
rPois    .         Reflect  .   q - +2 helmet
rElec    .         Harm     .   s - +2 cloak
rCorr    .         Rampage  .   r - +2 pair of gloves {Dex+3}
Will     +....                  h - +1 pair of boots "Runenast" {rC+ Dex+2}
Stlth    ++........             k - amulet "Nazyesk" {Regen+ Int+6}
HPRegen  3.39/turn              B - +4 ring of slaying
MPRegen  0.26/turn              Y - ring of the Tortoise {AC+8}

@: about to teleport, unable to hop, slow
A: amphibious, slowness 1, strong legs 2, +LOS
}: 1/15 runes: decaying
a: Hop, Renounce Religion, Wall of Briars, Grow Ballistomycete, Overgrow, Grow
Oklob


You were on level 3 of the Depths.
You worshipped Fedhas.
Fedhas was exalted by your worship.
You visited 8 branches of the dungeon, and saw 36 of its levels.
You visited 1 bazaar.
You also visited: Bailey, Ice Cave and Volcano.

You collected 5150 gold pieces.
You spent 3829 gold pieces at shops.

Inventory:

Hand Weapons
 a - a +3 longbow (weapon)
 b - the +9 glaive of the Ecumenical Temple {vorpal, rElec SInv}
   (You found it in an ice cave)

   It inflicts extra damage upon your enemies.
   It insulates you from electricity.
   It lets you see invisible.
Missiles
 d - 309 arrows (quivered ammo)
 e - 7 curare-tipped darts
Armour
 f - the +6 chain mail of the Teacher {Int+5 Stlth+}
   (You bought it in a shop in a bazaar)

   It affects your intelligence (+5).
   It makes you more stealthy.
 h - the +1 pair of boots "Runenast" (worn) {rC+ Dex+2}
   (You bought it in a shop in a bazaar)

   It affects your dexterity (+2).
   It protects you from cold.
 q - a +2 helmet (worn)
 r - a +2 pair of gloves of dexterity (worn)
 s - a +2 cloak (worn)
 Z - the +4 moon troll leather armour (worn) {Spirit, Regen++ MP+5}
   (You took it off a frost giant on level 3 of the Depths)

   It affects your magic capacity (+5).
   It increases your rate of health regeneration.
Jewellery
 k - the amulet "Nazyesk" (around neck) {Regen+ Int+6}
   (You acquired it on level 2 of the Dungeon)

   [amulet of regeneration]

   It affects your intelligence (+6).
   It increases your rate of health regeneration.
 n - a ring of willpower
 u - the ring "Cour" {Fire rN+}
   (You found it in an ice cave)

   [ring of fire]

   It enhances your fire magic.
   It protects you from fire.
   It makes you vulnerable to cold.
   It protects you from negative energy.
 B - a +4 ring of slaying (left hand)
 C - a ring of see invisible
 L - a ring of protection from cold
 U - a ring of magical power
 Y - the ring of the Tortoise (right hand) {AC+8}
   (You found it in a bailey)

   [ring of protection]

   It affects your AC (+8).
Wands
 g - a wand of charming (6)
 x - a wand of polymorph (21)
 y - a wand of mindburst (26)
 E - a wand of acid (13)
 M - a wand of digging (13)
 N - a wand of paralysis (21)
 W - a wand of iceblast (53)
Scrolls
 i - 5 scrolls of magic mapping
 j - 5 scrolls of fog
 o - 9 scrolls of teleportation
 w - 2 scrolls of enchant weapon
 F - 5 scrolls of fear
 G - 6 scrolls of vulnerability
 I - a scroll of silence
 K - a scroll of summoning
 O - 4 scrolls of immolation
 V - 4 scrolls of blinking
Potions
 c - 2 potions of cancellation
 l - 5 potions of haste
 m - 2 potions of magic
 p - 7 potions of flight
 z - 5 potions of curing
 A - 4 potions of lignification
 D - 3 potions of might
 H - 12 potions of heal wounds
 P - 4 potions of mutation
 Q - 7 potions of brilliance
 R - 4 potions of resistance
 T - a potion of invisibility
 X - a potion of ambrosia
Miscellaneous
 t - a box of beasts
 v - a tin of tremorstones (2/2)
 J - a lightning rod (4/4)
 S - a phial of floods


   Skills:
 - Level 18.0 Fighting
 - Level 20.0 Bows
 - Level 1.0 Throwing
 - Level 12.7 Armour
 + Level 12.6 Dodging
 - Level 2.0 Stealth
 - Level 9.0 Spellcasting
 + Level 3.9 Hexes
 - Level 6.0 Translocations
 - Level 2.0 Transmutations
 - Level 5.0 Air Magic
 - Level 2.0 Earth Magic
 - Level 15.0 Invocations
 - Level 10.0 Evocations


You had 26 spell levels left.
You knew the following spells:

 Your Spells              Type           Power      Damage    Failure   Level
a - Swiftness             Air            29%        N/A       3%          3
b - Blink                 Tloc           N/A        N/A       1%          2
c - Yara's Violent Unrav  Hex/Tmut       10%        3d6       56%         5
p - Passwall              Tmut/Erth      14%        N/A       5%          2

Your spell library contained the following spells:

 Spells                   Type           Power      Damage    Failure   Level
 Corona                   Hex            26%        N/A       1%          1
 Slow                     Hex            24%        N/A       2%          2
 Gell's Gravitas          Tloc           16%        N/A       2%          3
 Sandblast                Erth           34%        2d9       3%          1
 Shock                    Conj/Air       76%        1d7       3%          1
 Portal Projectile        Hex/Tloc       56%        N/A       3%          3
 Corpse Rot               Necr/Air       N/A        N/A       4%          2
 Poisonous Vapours        Pois/Air       38%        N/A       4%          2
 Static Discharge         Conj/Air       19%        N/A       4%          2
 Confusing Touch          Hex            24%        N/A       4%          3
 Sting                    Tmut/Pois      52%        1d5       5%          1
 Ensorcelled Hibernation  Hex/Ice        32%        N/A       6%          2
 Magic Dart               Conj           36%        1d4       9%          1
 Airstrike                Air            14%        N/A       11%         4
 Dazzling Flash           Conj/Hex       32%        N/A       12%         3
 Inner Flame              Hex/Fire       16%        N/A       12%         3
 Call Imp                 Summ           9%         N/A       13%         2
 Searing Ray              Conj           18%        3d3       13%         2
 Sublimation of Blood     Necr           4%         N/A       13%         2
 Mephitic Cloud           Conj/Pois/Air  15%        N/A       13%         3
 Stone Arrow              Conj/Erth      26%        3d8       17%         3
 Cause Fear               Hex            12%        N/A       17%         4
 Ignite Poison            Fire/Tmut/Pois 11%        N/A       21%         3
 Iskenderun's Mystic Bla  Conj/Tloc      21%        2d6       24%         4
 Conjure Flame            Conj/Fire      9%         6-21      26%         3
 Leda's Liquefaction      Hex/Erth       10%        N/A       26%         4
 Fulminant Prism          Conj/Hex       8%         3d7       36%         4
 Petrify                  Tmut/Erth      17%        N/A       36%         4
 Silence                  Hex/Air        13%        N/A       36%         5
 Animate Armour           Summ/Erth      26%        N/A       50%         4
 Animate Dead             Necr           4%         N/A       63%         4
 Dispel Undead            Necr           9%         3d8       63%         4
 Olgreb's Toxic Radiance  Pois           9%         N/A       63%         4
 Lightning Bolt           Conj/Air       9%         1d22      63%         5
 Lee's Rapid Deconstruct  Erth           8%         3d8*      71%         5
 Metabolic Englaciation   Hex/Ice        8%         N/A       71%         5
 Borgnjor's Vile Clutch   Necr/Erth      6%         N/A       83%         5
 Bolt of Magma            Conj/Fire/Erth 5%         4d5       88%         5
 Agony                    Necr           9%         N/A       93%         5
 Excruciating Wounds      Necr           4%         N/A       93%         5
 Iskenderun's Battlesphe  Conj           9%         2d6       93%         5
 Death Channel            Necr           4%         N/A       100%        6
 Freezing Cloud           Conj/Ice/Air   7%         6-21      100%        6
 Iron Shot                Conj/Erth      6%         9d2       100%        6
 Shadow Creatures         Summ           N/A        N/A       100%        6
 Simulacrum               Ice/Necr       4%         N/A       100%        6
 Orb of Destruction       Conj           4%         9d2       100%        7
 Spellforged Servitor     Conj/Summ      4%         N/A       100%        7


Dungeon Overview and Level Annotations

Branches:
Dungeon (15/15)            Temple (1/1) D:6            Lair (6/6) D:9
  Swamp (4/4) Lair:2       Spider (2/4) Lair:3        Slime (0/5) Lair:5
    Orc (2/2) D:11            Elf (2/3) Orc:2        Vaults (0/5) D:13
 Depths (4/5) D:15         Bailey (visited)           IceCv (visited)
Volcano (visited)

Altars:
Ashenzari
Cheibriados
Dithmenos
Elyvilon
Fedhas
Gozag
Hepliaklqana
Kikubaaqudgha
Makhleb
Nemelex Xobeh
Okawaru
Qazlal
Ru
Sif Muna
Trog
Uskayaw
Vehumet
Wu Jian
Xom
Yredelemnul
Zin
The Shining One

Shops:
D:5 (*[   D:11 *   Orc:2 (**??=([   Elf:1 [   Depths:1 (!   Depths:2 [*(*

Portals:
Hell: Depths:1 Depths:2 Depths:3
Abyss: Depths:1 Depths:2
Pandemonium: Depths:1 Depths:3

Annotations:
D:14 3 runed translucent doors, shoop's ghost, journeyman HOFi
Lair:4 3 runed translucent doors, Zonian's ghost, journeyman DrEE
Lair:5 2 transporters
Depths:4 Margery


Innate Abilities, Weirdness & Mutations

You are amphibious.
You cover ground slowly.
You can hop long distances.
You have an extended range of vision and can be seen from far away.


Message History

The spriggan berserker is lightly wounded.
The elephant rages.
The spriggan rider misses you. The spriggan berserker misses you.
You shoot an arrow.
The arrow barely misses the spriggan berserker.
The arrow hits the elephant!
The elephant is lightly wounded.
The spriggan berserker hits you with a +2 antimagic hand axe!!!
The spriggan rider hits you from afar with a +0 spear!
You are too injured to fight recklessly!
Fire: 309 arrows
Press: ? - help, Q - select action, (/) - cycle Shift-Dir - straight line, f/p - spriggan berserker
Aim: a spriggan berserker, wielding a +2 antimagic hand axe and wearing a +0 animal skin (lightly wounded, berserk, regenerating, strong-willed, 63% to hit)
Okay, then.
Hop to where?
Press: ? - help, Dir - move target, p - spriggan berserker Boing!
You hear a shout!
You hear a trumpeting!
There is a stone staircase leading up here.
The spriggan berserker hits you with a +2 antimagic hand axe!!
You feel your power leaking away.
You hear a trumpeting!
The spriggan berserker hits you with a +2 antimagic hand axe!!
* * * LOW HITPOINT WARNING * * *
You climb upwards.
There is a stone staircase leading down here.
Okay, then.
Unknown command.
Save game and exit?
Welcome back, shoop the Barachi Hunter.
Fedhas says: Spread life and death.
Press ? for a list of commands and other information.
Okay, then.
As you read the scroll of teleportation, it crumbles to dust.
You feel strangely unstable.
The spriggan berserker barely misses you.
The spriggan berserker rages.
The spriggan berserker hits you with a +2 antimagic hand axe!!!
You die...
Fedhas appreciates your contribution to the ecosystem.

.# #.####[###...###.###.##.##..'.
.###.....## #...........##.....#.
.#...##.## #...###.###.##.##.##.
.#####..# ###...# #.# #.##.##.##.
### #.#.# #.....# #.# #.......##.
..# ###.# #.#######'######.#####.
#.#####.# #.####.........#)## ##
..#.....# #....#i...###..'..#
######..# ##.#.#@..##.##.#..# #
#.## #.#.#..##...#.#..#### ##
#.#####.#.#.##....#.......##
.#####........####.....##.#.....)
.'.....#####.##.............##.##
.#####.#####'##∩#.#.#.#.#.####.#
.# #.##.....############# #.# .#
#.##.....############# #.#
######.##.....#∩#.#.#.#.#.####.##


You could see a spriggan berserker (berserk, regenerating, strong-willed).

Vanquished Creatures
  A caustic shrike (Depths:2)
  A Tzitzimitl (Depths:3)
  2 tentacled monstrosities
  Jorgrun (Lair:2)
  An Ice Fiend (IceCv)
  A titan (Depths:2)
  4 liches
  Gastronok (D:11)
  3 sphinxes
  A shadow dragon (Depths:2)
  A fire giant (Depths:2)
  5 frost giants
  Louise (Swamp:1)
  3 orc warlords
  An emperor scorpion (Lair:3)
  A ghost moth (Spider:1)
  6 reapers (Depths:3)
  6 stone giants
  16 very ugly things
  A deep elf demonologist (Elf:1)
  4 bunyips
  Azrael (Orc:2)
  An entropy weaver (Spider:1)
  A dire elephant (D:15)
  An ettin (shapeshifter) (Elf:1)
  4 deep elf death magi (Depths:3)
  13 fire dragons
  7 ettins
  Fannar (Lair:3)
  3 jiangshi (Depths:2)
  5 great orbs of eyes
  3 ice dragons
  A rakshasa (Depths:2)
  17 hydras
  8 vault guards
  2 spriggan air magi
  A centaur warrior (D:14)
  A boulder beetle (D:14)
  An ogre mage (D:15)
  A catoblepas (Lair:4)
  6 two-headed ogres
  4 death yaks (Lair:4)
  6 alligators
  2 death knights
  6 dancing weapons (Elf:1)
  4 tengu warriors
  8 deep troll shamans
  7 deep troll earth magi
  5 orc high priests (Orc:2)
  2 vampire magi (Depths:2)
  10 hell knights
  Sonja (Lair:1)
  2 spriggan berserkers
  Urug (Orc:1)
  A soul eater (Depths:3)
  4 iron trolls
  A fire crab (Swamp:4)
  7 deep elf knights (Elf:1)
  3 golden dragon zombies
  14 spriggans
  5 goliath frogs
  15 skeletal warriors
  A spriggan druid (Swamp:3)
  4 flayed ghosts (Depths:2)
  2 spark wasp zombies (Depths:3)
  18 deep trolls
  4 swamp dragons
  2 glowing orange brains
  3 bog bodies
  A torturous demonspawn (Depths:1)
  A shadow dragon zombie (Depths:3)
  3 phantasmal warriors
  A tengu zombie (Depths:3)
  A wizard (D:14)
  17 deep elf pyromancers
  3 lindwurms
  9 deep elf archers (Elf:1)
  12 deep elf zephyrmancers (Elf:1)
  9 orc knights (Orc:2)
  9 necromancers
  16 ugly things
  2 orc sorcerers
  A salamander (D:15)
  11 orb spiders (Spider:1)
  19 wolf spiders
  3 frost giant zombies (Depths:3)
  2 cyclopes (D:11)
  3 iron dragon zombies (Depths:3)
  A shadow dragon skeleton (Depths:3)
  A tengu skeleton (Depths:3)
  2 will-o-the-wisps (Swamp:2)
  3 manticores
  2 iron dragon skeletons (Depths:3)
  2 fire giant zombies (Depths:3)
  2 ice statues
  5 black mambas
  4 torpor snails (Lair:6)
  A frost giant skeleton (Depths:3)
  An elf zombie (Depths:2)
  A molten gargoyle (Volcano)
  5 gargoyles
  An efreet (D:13)
  3 freezing wraiths
  9 cane toads
  4 demonic crawlers (Spider:1)
  6 rime drakes
  5 ice devils
  2 spark wasp simulacra (Depths:3)
  A tormentor (Depths:1)
  An anaconda simulacrum (IceCv)
  9 komodo dragons
  4 tengu conjurers
  3 elf skeletons (Depths:3)
  3 golden dragon simulacra (IceCv)
  A troll (shapeshifter) (D:13)
  2 polar bears (Lair:2)
  A bloated husk (Swamp:4)
  22 jumping spiders
  12 trolls
  21 hornets
  A tengu simulacrum (Depths:3)
  2 wolf spider simulacra (IceCv)
  7 tyrant leeches
  Prince Ribbit (Lair:2)
  5 slime creatures (D:13)
  25 blink frogs
  An iron dragon simulacrum (Depths:3)
  2 fire giant simulacra (Depths:3)
  14 tarantellas
  A dream sheep (shapeshifter) (Depths:2)
  2 centaur simulacra
  29 redbacks
  A spriggan skeleton (Depths:2)
  A shadow (D:8)
  An ettin skeleton (Depths:2)
  4 wraiths
  2 ynoxinuls (Depths:1)
  3 air elementals (Elf:1)
  24 yaks
  A redback (shapeshifter) (Depths:3)
  10 basilisks
  2 wyverns (Lair:4)
  4 water elementals
  A vampire (D:12)
  2 dire elephant simulacra (IceCv)
  5 fire elementals
  A steam dragon (Lair:5)
  A death yak simulacrum (IceCv)
  15 vampire mosquitoes
  3 harpy simulacra (IceCv)
  3 iron troll simulacra (IceCv)
  8 swamp worms
  2 hydra simulacra (IceCv)
  4 wargs
  15 water moccasins
  3 hell hounds (Orc:2)
  2 acid dragons
  A floating eye (Depths:2)
  6 swamp drakes
  2 hornet zombies (D:8)
  A meliai simulacrum (D:14)
  2 necrophages (D:12)
  51 orc warriors
  An ettin simulacrum (IceCv)
  A sky beast (D:5)
  6 black bears
  35 wolves
  8 ogres
  2 phantoms
  5 boggarts
  20 centaurs
  3 kobold brigands
  11 bullfrogs
  A scorpion (D:5)
  2 earth elementals (Elf:1)
  A water moccasin zombie (D:5)
  4 killer bees (D:6)
  6 wights
  6 electric eels
  6 howler monkeys
  A crimson imp (D:7)
  A draconian simulacrum (IceCv)
  A bullfrog zombie (D:6)
  3 centaur zombies
  2 jellies
  2 lava snakes (D:11)
  32 orc priests
  Crazy Yiuf (D:2)
  7 hounds
  A centaur skeleton (D:6)
  An iguana (D:5)
  Jessica (D:2)
  Natasha (thrice) (D:3)
  23 orc wizards
  6 hell rats (Lair:4)
  2 polar bear simulacra (IceCv)
  2 spriggan simulacra (IceCv)
  2 troll simulacra (IceCv)
  A wolf simulacrum (IceCv)
  A howler monkey zombie (D:7)
  5 gnolls
  5 adders
  2 ogre simulacra (IceCv)
  5 naga simulacra (IceCv)
  2 white imps (IceCv)
  6 ufetubi
  An adder skeleton (D:4)
  2 dart slugs
  89 orcs
  3 ball pythons
  3 bats (D:2)
  6 endoplasms
  A giant cockroach (D:4)
  9 goblins
  8 hobgoblins
  9 jackals
  35 kobolds
  3 frilled lizards
  5 rats
  2 rat zombies (D:9)
  A ballistomycete spore (Orc:2)
1228 creatures vanquished.

Vanquished Creatures (collateral kills)
  A deep elf death mage (Depths:3)
  A hell knight (Depths:1)
  A lindwurm (Lair:6)
  A cyclops (D:11)
  A torpor snail (Lair:6)
  A tyrant leech (Lair:6)
  2 hornets (Lair:6)
  A redback (Spider:1)
  An orc warrior (D:11)
  An orc priest (D:11)
  143 ballistomycete spores
154 creatures vanquished.

Vanquished Creatures (others)
  A thorn hunter (Swamp:4)
  A bunyip (Swamp:4)
  2 swamp dragons (Swamp:4)
  An orc sorcerer (Orc:2)
  A jumping spider (Spider:1)
  A hornet (Lair:6)
  7 swamp drakes (Swamp:4)
  9 white imps (IceCv)
  2 ufetubi (IceCv)
  11 ballistomycete spores
  2 foxfires (Swamp:2)
  40 fungi
  76 plants
  5 withered plants
159 creatures vanquished.

Grand Total: 1541 creatures vanquished

Notes
Turn   | Place    | Note
-------+----------+-------------------------------------------
     0 | D:1      | shoop the Barachi Hunter began the quest for the Orb.
     0 | D:1      | Reached XP level 1. HP: 17/17 MP: 1/1
   359 | D:1      | Reached XP level 2. HP: 20/23 MP: 2/2
   412 | D:1      | Found a faded altar of an unknown god.
   445 | D:1      | Reached skill level 1 in Armour
  1126 | D:2      | Reached XP level 3. HP: 20/28 MP: 3/3
  1214 | D:2      | Noticed Jessica
  1514 | D:2      | Killed Jessica
  1515 | D:2      | Reached XP level 4. HP: 35/35 MP: 4/4
  1591 | D:2      | Reached skill level 5 in Bows
  2075 | D:2      | Found a runed translucent door.
  2076 | D:2      | Noticed Crazy Yiuf
  2256 | D:3      | Noticed Natasha
  2268 | D:3      | Killed Natasha
  2349 | D:3      | Reached XP level 5. HP: 36/41 MP: 5/5
  2546 | D:3      | Noticed Natasha
  2567 | D:3      | Killed Natasha
  2568 | D:3      | Reached skill level 1 in Throwing
  3194 | D:3      | Found a hazy altar of Hepliaklqana.
  3320 | D:4      | You fall into a shaft and drop 1 floor!
  3320 | D:5      | Entered Level 5 of the Dungeon
  3481 | D:4      | Noticed a black bear
  3496 | D:4      | Killed a black bear
  3497 | D:4      | Reached skill level 6 in Bows
  3497 | D:4      | Reached XP level 6. HP: 38/49 MP: 6/6
  3698 | D:4      | Noticed a necrophage
  3774 | D:2      | Identified a scroll of acquirement
  3778 | D:2      | Acquired the amulet "Nazyesk" {Regen+ Int+6}
  3796 | D:2      | Killed Crazy Yiuf
  3910 | D:3      | Noticed Natasha
  3916 | D:3      | Killed Natasha
  4138 | D:4      | Reached skill level 5 in Fighting
  4138 | D:4      | Reached XP level 7. HP: 56/56 MP: 7/7
  4303 | D:4      | Reached skill level 7 in Bows
  4373 | D:5      | Reached skill level 1 in Evocations
  4379 | D:5      | Found Mewu's Armour Shop.
  4506 | D:5      | Found Ollia's Assorted Antiques.
  4516 | D:5      | Reached skill level 8 in Bows
  4603 | D:5      | Found a glowing silver altar of Zin.
  4674 | D:5      | Reached XP level 8. HP: 55/62 MP: 8/8
  4864 | D:5      | Found Rudwatin's Weapon Boutique.
  4894 | D:5      | Reached skill level 9 in Bows
  5181 | D:5      | Bought a bone wand for 76 gold pieces
  5181 | D:5      | Bought a bronze wand for 76 gold pieces
  5401 | D:6      | Reached skill level 10 in Bows
  5553 | D:6      | Found an opulent altar of Gozag.
  5624 | D:6      | Found a staircase to the Ecumenical Temple.
  5632 | Temple   | Entered the Ecumenical Temple
  5649 | Temple   | Became a worshipper of Fedhas Madash
  5695 | D:6      | Found a sacrificial altar of Ru.
  5783 | D:6      | Reached XP level 9. HP: 68/68 MP: 9/9
  6234 | D:5      | Bought a puce potion for 17 gold pieces
  6409 | D:7      | Reached * piety under Fedhas
  6411 | D:7      | Reached skill level 1 in Invocations
  6414 | D:7      | Reached skill level 11 in Bows
  6894 | D:7      | Found a shimmering altar of Xom.
  6894 | D:7      | Found a burning altar of Makhleb.
  7102 | D:5      | Bought a triangular lapis lazuli amulet for 95 gold pieces
  7102 | D:5      | Bought a scroll of identify for 38 gold pieces
  7193 | D:8      | Found an ornate altar of the Wu Jian Council.
  7214 | D:8      | Noticed a hornet
  7347 | D:8      | Killed a hornet
  7461 | D:8      | Reached skill level 12 in Bows
  7469 | D:8      | Reached XP level 10. HP: 29/74 MP: 12/12
  7473 | D:7      | HP: 2/74 [water moccasin (7)]
  7476 | D:7      | Reached ** piety under Fedhas
  8314 | D:9      | Found a flagged portal.
  8415 | D:9      | Found a staircase to the Lair.
  8481 | D:9      | Found an ancient bone altar of Kikubaaqudgha.
  8606 | Bailey   | Entered a bailey
  8610 | Bailey   | Noticed an orc warlord
  8612 | Bailey   | Found the ring of the Tortoise {AC+8}
  8768 | Bailey   | Reached *** piety under Fedhas
  8858 | Bailey   | Found a runed translucent gate.
  8860 | Bailey   | Found a runed translucent gate.
  8862 | Bailey   | Found a runed translucent gate.
  8984 | Bailey   | Killed an orc warlord
  8985 | Bailey   | Reached skill level 13 in Bows
  8985 | Bailey   | Reached skill level 5 in Invocations
  9244 | D:9      | Reached XP level 11. HP: 79/79 MP: 15/15
  9634 | D:10     | Entered Level 10 of the Dungeon
  9638 | D:10     | Noticed a two-headed ogre
  9662 | D:10     | Noticed a cyclops
  9748 | D:10     | Noticed a tengu warrior
  9827 | Lair:1   | Entered Level 1 of the Lair of Beasts
  9866 | D:9      | Reached skill level 14 in Bows
  9925 | Lair:1   | Noticed Sonja
  9931 | Lair:1   | Killed Sonja
  9982 | Lair:1   | Reached **** piety under Fedhas
 10094 | Lair:1   | Noticed an eight-headed hydra
 10157 | D:9      | Killed an eight-headed hydra
 10274 | Lair:1   | Identified the +5 ring mail of the Past {MP+9 Str-5 Dex+2}
 10491 | Lair:1   | Identified the +4 hand crossbow of Kilum {venom, rElec rF-
                  | rC++ rCorr}
 10541 | Lair:2   | Noticed Prince Ribbit
 10545 | Lair:2   | Noticed a five-headed hydra
 10553 | Lair:2   | Killed Prince Ribbit
 10812 | Lair:2   | Killed a five-headed hydra
 10813 | Lair:2   | Reached skill level 15 in Bows
 10894 | Lair:2   | Reached XP level 12. HP: 83/86 MP: 17/17
 11091 | Lair:2   | Found a staircase to the Swamp.
 11990 | Lair:3   | Reached skill level 16 in Bows
 12020 | Lair:3   | Noticed Fannar
 12093 | Lair:3   | Found a hole to the Spider Nest.
 12668 | Lair:4   | Learned a level 3 spell: Swiftness
 12710 | Lair:4   | Noticed a death yak
 12710 | Lair:4   | Noticed a death yak
 12710 | Lair:4   | Noticed a death yak
 12712 | Lair:4   | Noticed a death yak
 12730 | Lair:4   | Killed a death yak
 12741 | Lair:4   | Reached skill level 1 in Spellcasting
 12741 | Lair:4   | Reached skill level 1 in Air Magic
 12741 | Lair:4   | Killed a death yak
 12743 | Lair:4   | Killed a death yak
 12745 | Lair:4   | Gained mutation: You can hop long distances. [Barachi
                  | growth]
 12745 | Lair:4   | Reached XP level 13. HP: 20/91 MP: 14/20
 12786 | Lair:4   | Reached skill level 17 in Bows
 13209 | Lair:4   | Reached ***** piety under Fedhas
 13215 | Lair:4   | Reached skill level 10 in Invocations
 13330 | Lair:4   | Found a runed translucent gate.
 13331 | Lair:4   | Found a runed translucent gate.
 13332 | Lair:4   | Found a runed translucent gate.
 13336 | Lair:4   | Noticed Zonian's ghost (journeyman DrEE)
 13346 | Lair:4   | Noticed a minotaur
 13804 | Lair:5   | Identified the +6 mace "Raxzoff" {elec, MP+9}
 14379 | Lair:5   | Found a transporter.
 14380 | Lair:5   | Found a transporter.
 15019 | Lair:5   | Found a staircase to the Slime Pits.
 15242 | Lair:6   | Entered Level 6 of the Lair of Beasts
 15730 | Lair:6   | Reached skill level 18 in Bows
 15730 | Lair:6   | Reached XP level 14. HP: 100/100 MP: 21/21
 16122 | Lair:6   | Found a runed translucent door.
 16442 | Lair:6   | Paralysed by a hornet for 1 turns
 16522 | Lair:6   | Reached XP level 15. HP: 88/106 MP: 15/22
 16581 | Lair:6   | Reached skill level 19 in Bows
 16764 | Lair:6   | Identified the ring of Mistrust {Wiz rElec rF- Str+3}
 17531 | D:10     | Found an iron altar of Okawaru.
 17731 | D:11     | Noticed Gastronok
 17791 | D:11     | Found Lymog's General Store.
 18327 | D:11     | Found a basalt altar of Yredelemnul.
 18635 | D:11     | Found a staircase to the Orcish Mines.
 18797 | Orc:1    | Entered Level 1 of the Orcish Mines
 19537 | D:12     | Reached skill level 5 in Armour
 20541 | D:11     | Killed Gastronok
 20816 | D:11     | Reached ****** piety under Fedhas
 21243 | Orc:1    | Noticed Urug
 21260 | Orc:1    | Killed Urug
 21465 | Orc:1    | Noticed an orc warlord
 21482 | Orc:1    | Killed an orc warlord
 21838 | Orc:2    | Entered Level 2 of the Orcish Mines
 21838 | Orc:2    | Found Zittyate's General Store.
 21838 | Orc:2    | Noticed Azrael
 21849 | Orc:2    | Killed Azrael
 21915 | Orc:2    | Noticed an orc warlord
 21922 | Orc:2    | Found Nanilegg's General Store.
 21933 | Orc:2    | Killed an orc warlord
 21992 | Orc:2    | Found Giepinir's Weapon Boutique.
 22054 | Orc:2    | Found Wazxixt's Magic Scroll Emporium.
 22077 | Orc:2    | Found a dark tunnel.
 22117 | Orc:2    | Bought a scroll of blinking for 82 gold pieces
 22188 | Volcano  | Entered a volcano
 22524 | Orc:2    | Bought a scroll of fear for 45 gold pieces
 22580 | Orc:2    | Found a staircase to the Elven Halls.
 23234 | Orc:2    | Reached skill level 20 in Bows
 23243 | Orc:2    | Reached XP level 16. HP: 120/120 MP: 24/24
 23294 | Orc:2    | Reached skill level 10 in Fighting
 23332 | Orc:2    | Found Amel's Magic Scroll Boutique.
 23332 | Orc:2    | Found Doukk's Armour Boutique.
 23333 | Orc:2    | Found Ceefoun's Jewellery Boutique.
 23333 | Orc:2    | Found Diat's Weapon Shop.
 23514 | Orc:2    | Bought a scroll of torment for 82 gold pieces
 23514 | Orc:2    | Bought a scroll of identify for 22 gold pieces
 23514 | Orc:2    | Bought a scroll of identify for 22 gold pieces
 23521 | Orc:2    | Bought a scroll of identify for 26 gold pieces
 23597 | Orc:2    | Bought a scroll of identify for 32 gold pieces
 23671 | Orc:2    | Bought a scroll of teleportation for 33 gold pieces
 23671 | Orc:2    | Bought a scroll of teleportation for 33 gold pieces
 23701 | Orc:2    | Bought 31 arrows for 86 gold pieces
 26012 | D:13     | Found a gate to the Vaults.
 26601 | D:14     | Reached skill level 1 in Stealth
 27581 | D:14     | Found a runed translucent gate.
 27582 | D:14     | Found a runed translucent gate.
 27583 | D:14     | Found a runed translucent gate.
 27586 | D:14     | Noticed shoop's ghost (journeyman HOFi)
 27624 | D:14     | Reached skill level 5 in Dodging
 28013 | D:15     | Entered Level 15 of the Dungeon
 28038 | D:15     | Found a blossoming altar of Fedhas.
 28247 | D:15     | Found a flickering gateway to a bazaar.
 28756 | D:15     | Found a staircase to the Depths.
 29005 | D:15     | Reached XP level 17. HP: 135/135 MP: 24/26
 29159 | Bazaar   | Entered a bazaar
 29336 | Bazaar   | Found Laitimok's Distillery.
 29349 | Bazaar   | Found Ekoxtien's Armour Boutique.
 29349 | Bazaar   | Found Jiledi's Book Shop.
 29384 | Bazaar   | Found Lutaheuc's Antique Weapon Shop.
 29419 | Bazaar   | Bought the +6 chain mail of the Teacher {Int+5 Stlth+} for
                  | 493 gold pieces
 29419 | Bazaar   | Bought the +1 pair of boots "Runenast" {rC+ Dex+2} for 249
                  | gold pieces
 29446 | Bazaar   | Bought a book of Debilitation for 280 gold pieces
 29446 | Bazaar   | Bought a book of Geomancy for 245 gold pieces
 29446 | Bazaar   | Bought a book of Dreams for 525 gold pieces
 29446 | Bazaar   | Bought a book of Minor Magic for 140 gold pieces
 29449 | Bazaar   | Learned a level 2 spell: Blink
 29462 | Bazaar   | Bought a potion of cancellation for 96 gold pieces
 29462 | Bazaar   | Bought a potion of lignification for 36 gold pieces
 29462 | Bazaar   | Bought a potion of might for 48 gold pieces
 29462 | Bazaar   | Acquired 429 gold pieces
 29464 | Bazaar   | Bought a potion of haste for 120 gold pieces
 29464 | Bazaar   | Bought 2 potions of heal wounds for 120 gold pieces
 29464 | Bazaar   | Bought a potion of curing for 36 gold pieces
 29464 | Bazaar   | Bought a potion of curing for 36 gold pieces
 29464 | Bazaar   | Bought a potion of resistance for 120 gold pieces
 29953 | Swamp:1  | Entered Level 1 of the Swamp
 29953 | Swamp:1  | Noticed Jorgrun
 29965 | Lair:2   | Killed Jorgrun
 29966 | Lair:2   | Reached skill level 1 in Translocations
 30229 | Swamp:1  | Noticed a tentacled monstrosity
 30245 | Swamp:1  | Killed a tentacled monstrosity
 30251 | Swamp:1  | Noticed Louise
 30555 | Lair:3   | Killed Fannar
 30924 | Spider:1 | Entered Level 1 of the Spider Nest
 32197 | Elf:1    | Entered Level 1 of the Elven Halls
 32197 | Elf:1    | Found Guraes's Armour Shoppe.
 32640 | Elf:1    | Reached skill level 5 in Air Magic
 33717 | Elf:1    | Reached XP level 18. HP: 119/144 MP: 24/28
 33932 | Elf:1    | Reached skill level 10 in Armour
 33997 | Elf:1    | Reached skill level 5 in Translocations
 35389 | Depths:1 | Entered Level 1 of the Depths
 35394 | Depths:1 | Noticed a lich
 35415 | D:15     | Killed a lich
 35611 | Depths:1 | Found a gateway to Hell.
 35629 | Depths:1 | Found Coeps's Distillery.
 35635 | Depths:1 | Found Yziosiut's Weapon Shop.
 35662 | Depths:1 | Learned a level 2 spell: Passwall
 35828 | Depths:1 | Reached skill level 1 in Transmutations
 35869 | Depths:1 | Reached skill level 1 in Earth Magic
 35909 | Depths:1 | Reached skill level 5 in Spellcasting
 36416 | Depths:1 | Found a glowing golden altar of the Shining One.
 37225 | Depths:1 | HP: 7/147 [poisoned by a torturous demonspawn]
 37584 | Swamp:1  | Killed Louise
 37893 | Swamp:2  | Reached skill level 15 in Fighting
 38286 | Swamp:2  | Reached skill level 15 in Invocations
 38342 | Swamp:4  | Entered Level 4 of the Swamp
 38390 | Swamp:4  | Found a frozen archway.
 38405 | IceCv    | Entered an ice cave
 39458 | IceCv    | Noticed an Ice Fiend
 39497 | IceCv    | Killed an Ice Fiend
 39498 | IceCv    | Reached skill level 5 in Evocations
 39498 | IceCv    | Reached XP level 19. HP: 87/155 MP: 14/30
 39712 | IceCv    | Identified the +9 glaive of the Ecumenical Temple {vorpal,
                  | rElec SInv}
 39726 | IceCv    | Identified the ring "Cour" {Fire rN+}
 39954 | Swamp:3  | Paralysed by a hornet for 2 turns
 41150 | Swamp:4  | Got a decaying rune of Zot
 43561 | Depths:1 | Bought a potion of curing for 45 gold pieces
 43611 | Depths:1 | Found a one-way gate leading to the halls of Pandemonium.
 43721 | Depths:1 | Found a one-way gate to the infinite horrors of the Abyss.
 43782 | Depths:1 | Found a shimmering blue altar of Sif Muna.
 43941 | Depths:2 | Found Muucrept's Antique Armour Shop.
 44906 | Depths:2 | Noticed a tentacled monstrosity
 45125 | Depths:2 | Noticed a caustic shrike
 45184 | Depths:2 | Killed a caustic shrike
 45602 | Depths:2 | Reached skill level 10 in Dodging
 45651 | Depths:2 | Reached XP level 20. HP: 80/168 MP: 13/31
 46572 | Depths:2 | Found Xoiduh's Assorted Antiques.
 47353 | Depths:3 | Found an ancient bone altar of Kikubaaqudgha.
 48492 | Depths:3 | Found an opulent altar of Gozag.
 49786 | Depths:2 | Found Xahevof's Antique Weapon Emporium.
 49786 | Depths:2 | Found Qiapn's General Store.
 50129 | Depths:3 | Reached XP level 21. HP: 171/177 MP: 34/34
 50163 | Depths:3 | Learned a level 5 spell: Yara's Violent Unravelling
 50370 | Depths:3 | Reached skill level 1 in Hexes
 50940 | Depths:3 | Identified the +7 flail of the Four Thickets {flame, rF+
                  | Int+3 Dex-4}
 51209 | Depths:2 | Bought a ring of willpower for 475 gold pieces
 51437 | Depths:4 | Noticed Margery
 51454 | Depths:3 | Reached skill level 10 in Evocations
 51551 | Depths:3 | Slain by a spriggan berserker

Illustrated notes

Levels and vault maps discovered:
D:1:      dpeg_arrival_rooms_a, layout_basic,
          shapermc_ecumenical_altar_mp_urbaneastern, minmay_misc_feat_columns
D:2:      layout_rooms, hangedman_feature_mirror, uniq_jessica,
          uniq_crazy_yiuf_cottage
D:3:      layout_loops_ring, nicolae_hepliaklqana_hippocampus,
          chequers_serial_rivers_small_a, minmay_crystal_water, uniq_natasha
D:4:      layout_basic, lightli_corner_chamber
D:5:      layout_loops_ring, overflow_temple_1_default, serial_shops, shop,
          nicolae_shop_waterfront, kennysheep_mini_moat
D:6:      layout_gridville, lemuel_tele_altar, nicolae_ru_the_path_less_chosen,
          temple_green, minivault_27
D:7:      minmay_flawed_box, layout_loops_cross,
          grunt_temple_overflow_champion_of_chaos
D:8:      layout_gridville, nicolae_wu_jian_wuxing_cycle, disabler_island
D:9:      layout_irregular_city, lemuel_zombie_altar_kikubaaqudgha,
          lair_entry_dummy, enter_bailey_5
D:10:     layout_cross, overflow_temple_1_default
D:11:     layout_rooms, david_orc_4, serial_shops,
          nicolae_shop_temple_entry_statues_fountains, kennysheep_cross_room,
          yredelemnul_altar_generic, uniq_gastronok
D:12:     layout_loops_ring, serial_undead, serial_undead_b, serial_undead_e,
          serial_undead_d, serial_undead_c, drop_trap, corner_web_ring
D:13:     wad_lake_hut, layout_gridville, erik_vaults_2
D:14:     layout_basic, minmay_misc_feat_rows, gammafunk_ghost_necromancy
D:15:     hangedman_depths_entry_try_elsewhere_first, layout_long_grid,
          serial_shops, bzr_entry_water, fedhas_altar_1, columned_hall_lemuel
Temple:   cyrus_circular_temple
Lair:1:   layout_cave_shapes, grunt_megastairs_4, uniq_sonja
Lair:2:   layout_hall_layers, nicolae_swamp_entry_splash_gauntlet,
          serial_bayou_pond_b, uniq_prince_ribbit2
Lair:3:   layout_cellular_growth, spider_nest_entry_funnel_web,
          infiniplex_staircase_pool, uniq_fannar
Lair:4:   layout_roguey, maelrawn_ghost_gauntlet_escape, special_room
          [special_room_mythical_zoo], lemuel_fruit_tree
Lair:5:   gammafunk_boulding_lane, layout_cave_pods,
          minmay_slime_entry_oklob_open, st_stairs_7,
          grunt_forest_large_clearings
Lair:6:   wormcave, layout_misc_corridors, infiniplex_staircase_pool_2,
          serial_bayou_shore_a, serial_bayou_shore_b
Swamp:1:  layout_basic_swamp, evilmike_swamp_ruin_house_1, uniq_louise,
          uniq_jorgrun
Swamp:2:  layout_basic_swamp, evilmike_swamp_ruin_house_5
Swamp:3:  layout_falls_marsh, evilmike_swamp_ruin_house_3, swamp_pool5,
          uniq_roxanne
Swamp:4:  swamp_fiery, layout_basic_swamp, portal_ice_cave_entry_ice_statue_one
Spider:1: nicolae_spider_hilbert_zone_4 [nicolae_spider_hilbert_4_sides_2_open,
          nicolae_spider_hilbert_4_sides_1_open,
          nicolae_spider_hilbert_4_sides_1_open,
          nicolae_spider_hilbert_4_sides_1_open,
          nicolae_spider_hilbert_4_sides_1_open,
          nicolae_spider_hilbert_2_sides_1_open,
          nicolae_spider_hilbert_2_sides_1_open,
          nicolae_spider_hilbert_2_sides_1_open,
          nicolae_spider_hilbert_2_sides_1_open,
          nicolae_spider_hilbert_6_sides_1_open,
          nicolae_spider_hilbert_6_sides_1_open,
          nicolae_spider_hilbert_3_sides_1_open,
          nicolae_spider_hilbert_3_sides_1_open]
Spider:2: layout_spider_delve, nicolae_spider_undead_wolf_pack,
          hangedman_spider_tarantella_strand, uniq_frances
Orc:1:    layout_diamond_mine, uniq_urug
Orc:2:    st_orc_pillars, layout_caves, lightli_volcano_entry_magma_tube,
          serial_shops, nicolae_shop_stone, nicolae_shop_trees, shop,
          nicolae_shop_statue_plus, mines3_lemuel, uniq_azrael
Elf:1:    layout_geoelf_grid, serial_shops, shop, minivault_28, moated_statue,
          grunt_megastairs_2
Elf:2:    layout_rooms, minmay_shop_enchanted_jewellery
Depths:1: layout_small_grid, hell_entry, tso_metal_star, rand_demon_pan_entry_8,
          abyss_entry, chequers_decorated_corner,
          nicolae_sif_muna_little_library, serial_bayou_shore_b,
          minmay_shop_star
Depths:2: nzn_winding_woodlands_stair_cross [nzn_winding_woodlands_5x15_pool,
          nzn_winding_woodlands_center_pierced_h,
          nzn_winding_woodlands_5x15_garden, nzn_winding_woodlands_hourglass,
          nzn_winding_woodlands_5x5_cross,
          nzn_winding_woodlands_5x15_river_crossing,
          nzn_winding_woodlands_center_diamonds,
          nzn_winding_woodlands_5x15_sidewinder], layout_twisted_cross,
          hangedman_abyss_entry_splay, hangedman_coc_ice_floe,
          hangedman_abyss_or_decor_jellyfish_corner, serial_shops, shop_coins,
          shop, shop, nicolae_shop_overgrown_old_shop
Depths:3: evilmike_negative_zone, layout_gridlike, rand_demon_pan_entry_5,
          hangedman_tar_grid_catacomb, grunt_gozag_breadcrumbs,
          minmay_mirror_moons_of_madness, infiniplex_staircase_squiggle
Depths:4: gammafunk_jiyva_shrine, layout_basic, wad_floor_pattern_untrapped,
          rand_demon_pan_entry_7, abyss_entry, serial_shops,
          kennysheep_little_box, nicolae_trove_entry_crystal, hell_entry,
          minivault_12, infiniplex_staircase_hallway_doors, uniq_margery

Skill      XL: |  1  2  3  4  5  6  7  8  9 10 11 12 13 14 15 16 17 18 19 20 21 |
---------------+----------------------------------------------------------------+-----
Armour         | 1 2 4 6 7 9 10 11 12 | 12.7
Fighting       | 3 4 5 6 9 12 13 15 17 18 | 18.0
Bows           | 5 6 8 10 12 13 15 16 18 20 | 20.0
Throwing       | 1 |  1.0
Evocations     | 2 3 5 8 9 10 | 10.0
Invocations    | 3 5 7 9 10 11 13 15 | 15.0
Dodging        | 4 5 8 9 10 12 | 12.6
Spellcasting   | 1 2 3 5 6 9 |  9.0
Air Magic      | 2 3 4 5 |  5.0
Stealth        | 2 |  2.0
Translocations | 4 6 |  6.0
Transmutations | 2 |  2.0
Earth Magic    | 2 |  2.0
Hexes          | 3 |  3.9

Action                   |  1- 3 |  4- 6 |  7- 9 | 10-12 | 13-15 | 16-18 | 19-21 || total
-------------------------+-------+-------+-------+-------+-------+-------+-------++-------
Melee: Short sword       |   103 |    45 |       |       |       |       |       ||   148
       Long sword        |       |    33 |       |       |       |       |       ||    33
       Quarterstaff      |       |    20 |   270 |   319 |    19 |       |       ||   628
       Mace              |       |       |       |       |   569 |       |       ||   569
       Unarmed           |       |       |       |       |       |     3 |       ||     3
       Longbow           |       |       |       |       |       |       |     3 ||     3
       Glaive            |       |       |       |       |       |       |     9 ||     9
 Fire: Shortbow          |     4 |    81 |       |       |       |       |       ||    85
       Longbow           |       |    10 |    53 |   300 |   679 |  1802 |  1532 ||  4376
Throw: Dart              |       |       |     7 |    45 |    21 |       |       ||    73
 Cast: Blink             |       |       |       |       |       |     9 |     6 ||    15
       Passwall          |       |       |       |       |       |       |     3 ||     3
Invok: Grow Ballistomyce |       |       |       |     4 |     6 |    14 |     4 ||    28
       Wall of Briars    |       |       |       |     1 |     2 |     3 |     2 ||     8
       Overgrow          |       |       |       |       |     1 |     1 |     1 ||     3
 Abil: Hop               |       |     4 |     6 |    10 |     8 |    14 |    13 ||    55
Evoke: Wand              |       |       |     5 |    17 |       |     5 |     1 ||    28
       Box of beasts     |       |       |       |       |     1 |       |     1 ||     2
       Tin of tremorston |       |       |       |       |       |     1 |       ||     1
  Use: Potion            |     2 |     1 |       |     2 |     2 |     4 |     2 ||    13
       Scroll            |       |     7 |     3 |     5 |     5 |    10 |     1 ||    31
 Stab: Confused          |       |       |       |     3 |       |       |       ||     3
       Paralysed         |       |       |       |     3 |       |       |       ||     3
       Sleeping          |       |       |       |       |     1 |       |       ||     1
Armor: Chain mail        |    99 |   108 |   242 |       |       |   369 |   325 ||  1143
       Acid dragon scale |       |       |    38 |   259 |   822 |       |       ||  1119
       Ring mail         |       |       |       |       |     4 |    79 |       ||    83
       Plate armour      |       |       |       |       |       |     5 |   280 ||   285
       Troll leather arm |       |       |       |       |       |       |    34 ||    34
Dodge: Dodged            |    40 |    53 |   175 |   354 |   913 |   336 |   409 ||  2280
Block: Buckler           |    14 |       |       |       |       |       |       ||    14
       Rpst.: Long sword |       |     4 |       |       |       |       |       ||     4

Table legend: (Time is in decaauts)
 A = Elapsed time spent in this place.
 B = Non-inter-level travel time spent in this place.
 C = Inter-level travel time spent in this place.
 D = Time resting spent in this place.
 E = Time spent auto-exploring this place.
 F = Levels seen in this place.
 G = Mean time per level.
                   A        B        C        D        E       F      G
               +--------+--------+--------+--------+--------+-----+--------+
         Total |  56307 |  50237 |   6070 |   7959 |  27999 |  40 | 1407.7 |
       Dungeon |  22427 |  19265 |   3162 |   2408 |  12233 |  15 | 1495.1 |
        Temple |     34 |     21 |     13 |      0 |      0 |   1 |   34.0 |
          Lair |   9720 |   8569 |   1151 |    786 |   5654 |   6 | 1620.0 |
         Swamp |   2438 |   2309 |    129 |    927 |    477 |   4 |  609.5 |
   Spider Nest |   2886 |   2663 |    223 |    340 |   1728 |   2 | 1443.0 |
  Orcish Mines |   2839 |   2278 |    561 |    144 |   1305 |   2 | 1419.5 |
   Elven Halls |   3118 |   2938 |    180 |    734 |   1443 |   2 | 1559.0 |
        Depths |  10201 |   9553 |    648 |   2148 |   4690 |   4 | 2550.2 |
        Bazaar |    343 |    343 |      0 |      0 |    252 |   1 |  343.0 |
        Bailey |    638 |    638 |      0 |     15 |    179 |   1 |  638.0 |
      Ice Cave |   1444 |   1444 |      0 |    455 |     35 |   1 | 1444.0 |
       Volcano |    215 |    215 |      0 |      0 |      0 |   1 |  215.0 |
               +--------+--------+--------+--------+--------+-----+--------+

Top non-repeatable levels by time:
Depths:3: 4634 daAuts
   Elf:1: 3086 daAuts
Spider:1: 2860 daAuts
Depths:2: 2846 daAuts
    D:12: 2775 daAuts
    D:11: 2653 daAuts
Depths:1: 2650 daAuts
  Lair:5: 1987 daAuts
  Lair:2: 1924 daAuts
  Lair:3: 1874 daAuts
   Orc:2: 1862 daAuts
    D:13: 1851 daAuts
    D:15: 1759 daAuts
  Lair:6: 1593 daAuts
    D:14: 1563 daAuts
